 Dungeon Crawl Stone Soup version 0.30-a0-223-gcb0039aa0c (webtiles) character file.

Game seed: 12920399372170839750

1743 qw the Cleaver (level 9, -13/55 HPs)
             Began as a Gargoyle Fighter on Oct 9, 2022.
             Mangled by an orc priest
             ... wielding a +0 flail of distortion
              (23 damage)
             ... on level 7 of the Dungeon.
             The game lasted 00:02:28 (6504 turns).

qw the Cleaver (Gargoyle Fighter)                   Turns: 6504, Time: 00:02:29

Health: -13/55     AC: 16    Str: 30    XL:     9   Next: 6%
Magic:  9/9        EV: 10    Int:  9    God:
Gold:   166        SH:  4    Dex:  9    Spells: 8/8 levels left

rFire   . . .      SeeInvis .    Y - +0 war axe
rCold   + . .      Faith    .    c - +0 buckler
rNeg    + . .      Spirit   .    b - +0 scale mail
rPois   inf        Reflect  .    i - +0 helmet
rElec   +          Harm     .    (no cloak)
rCorr   .          Rampage  .    e - +0 pair of gloves
Will    .....                    p - +0 pair of boots
Stlth   ..........               r - amulet of the acrobat
HPRegen 0.29/turn                k - +6 ring of strength
MPRegen 0.11/turn                m - ring of protection from cold

@: about to teleport
A: sickness immunity, AC +6, negative energy resistance 1, electricity
resistance, torment resistance 1, petrification resistance
a: no special abilities


You were on level 7 of the Dungeon.
You visited 1 branch of the dungeon, and saw 8 of its levels.
You also visited: Sewer.

You collected 408 gold pieces.
You spent 242 gold pieces at shops.


Innate Abilities, Weirdness & Mutations

You are immune to sickness and miasma.
Your stone body is resilient. (AC +6)
You are immune to poison.
You resist negative energy. (rN+)
You are resistant to electric shocks. (rElec)
You are resistant to unholy torment.
You are immune to petrification.


   Skills:
 - Level 6.2 Fighting
 - Level 9.3 Axes
 - Level 3.2 Armour
 - Level 1.5 Dodging
 + Level 3.2 Shields


You had 8 spell levels left.
You didn't know any spells.
Your spell library was empty.

Inventory:

Hand Weapons
 j - a +5 flail
 Y - a +0 war axe (weapon)
Armour
 b - a +0 scale mail (worn)
 c - a +0 buckler (worn)
 e - a +0 pair of gloves (worn)
 i - a +0 helmet (worn)
 n - a +0 leather armour of fire resistance
 p - a +0 pair of boots (worn)
Jewellery
 k - a +6 ring of strength (left hand)
 m - a ring of protection from cold (right hand)
 q - a ring of protection from fire
 r - an amulet of the acrobat (around neck)
Scrolls
 a - 2 scrolls of identify
 f - 5 scrolls of teleportation
Potions
 d - 2 potions of might
 g - a potion of lignification
 l - 2 potions of curing
 o - a potion of resistance

Dungeon Overview and Level Annotations

Branches:
Dungeon (8/15)               Lair (0/5) D:8           Sewer (visited)
 Temple: D:4-7

Altars:
Fedhas
Makhleb
Sif Muna
Wu Jian
Yredelemnul

Shops:
D:3 ?   D:4 (   D:5 *

Annotations:
D:4 3 runed translucent doors, qw's ghost, amateur GrFi; qw's ghost, novice GrFi
D:8 1 transporter


Message History

You block the steam dragon's attack. The steam dragon claws you.
The orc wizard gestures at you while chanting.
You resist with some effort.
You hit the steam dragon.
You kill the steam dragon!
The steam dragon scales are intact enough to wear.
You hit the orc wizard.
The orc priest mumbles some strange prayers to Beogh against you.
Beogh smites you!
The orc wizard is engulfed in a cloud of scalding steam.
The orc wizard dies!
Your Axes skill increases to level 9!
You have reached level 9!
Your experience leads to an increase in your attributes!
Your base attributes are Str 22, Int 9, Dex 9.
Increase (S)trength, (I)ntelligence, or (D)exterity?
You feel stronger. x2
A howler monkey and 2 orc wizards come into view.
An orc wizard is wielding a +2 dagger of electrocution.
The howler monkey howls!
The orc wizard shouts! x2
The orc priest calls down the wrath of Beogh upon you.
Beogh smites you!
Things that are here:
+0 steam dragon scales; a steam dragon corpse You hit the orc priest.
The orc priest is moderately wounded.
The howler monkey hoots and howls with incredible vigour!
The orc priest hits you with a +0 flail of distortion.
Space warps horribly around you!
Something shouts, "Give in, thou worthless sow-suckled beggar!"
You hear a shout! x2
6504 ||| READING 6 scrolls of teleportation.
As you read the scroll of teleportation, it crumbles to dust.
You feel strangely unstable.
The orc wizard mumbles some strange words.
The orc wizard flickers and vanishes!
Deactivating autopickup; reactivate with Ctrl-A.
The orc wizard hits you with a +2 dagger of electrocution.
The orc priest hits you but does no damage.
Space warps horribly around you!!
You die...

# #. .. h#
{# .#
####o####$.
#<.@o.....#
#..)...####
#....##.##
#..... .#
....##.. .
[##.# ####.
# #. ## ..


You could see a howler monkey (catching breath), an orc priest and an orc
wizard.

Vanquished Creatures
  A yak (D:8)
  A steam dragon (D:7)
  An ice beast (D:6)
  2 phantoms
  3 bullfrogs
  A scorpion (D:5)
  7 wights
  A bullfrog zombie (D:6)
  A centaur zombie (D:6)
  A hound (D:6)
  3 orc priests
  2 iguanas (D:5)
  4 orc wizards
  12 adders
  A river rat (D:5)
  A white imp (D:8)
  2 ufetubi
  A worm (D:5)
  A dart slug (D:2)
  12 orcs
  4 bats
  14 endoplasms
  14 giant cockroaches
  11 goblins
  A hobgoblin (D:4)
  9 quokkas
  17 ball pythons
  9 frilled lizards
  A kobold (D:1)
  9 rats
147 creatures vanquished.

Vanquished Creatures (others)
  An orc wizard (D:7)
  A plant (D:2)
  6 withered plants (D:4)
8 creatures vanquished.

Grand Total: 155 creatures vanquished

Notes
Turn   | Place    | Note
-------+----------+-------------------------------------------
     0 | D:1      | qw the Gargoyle Fighter began the quest for the Orb.
     0 | D:1      | Reached XP level 1. HP: 14/14 MP: 1/1
     0 | D:1      | 0 ||| qw: Version: 0.2-a-17-g06abaee
     0 | D:1      | 0 ||| qw: Game counter: 2096
     0 | D:1      | 0 ||| qw: Always use a shield: true
     0 | D:1      | 0 ||| qw: God list: Okawaru
     0 | D:1      | 0 ||| qw: Allow faded altars: false
     0 | D:1      | 0 ||| qw: Do Orc after D:15 true
     0 | D:1      | 0 ||| qw: Do second Lair branch before Depths: true
     0 | D:1      | 0 ||| qw: Lair rune preference: random
     0 | D:1      | 0 ||| qw: Plans: Normal, Zot:1-4, God:TSO, Crypt, Tomb,
                  | Pan, Slime:5, Hells, Abyss, Orb
     0 | D:1      | 0 ||| PLANNING D:1-11
    61 | D:1      | Reached skill level 2 in Axes
   197 | D:1      | Reached XP level 2. HP: 19/19 MP: 2/2
   244 | D:1      | 244 ||| Stepping ~*~*~tactically~*~*~ (stealth).
   245 | D:1      | 245 ||| Stepping ~*~*~tactically~*~*~ (stealth).
   246 | D:1      | 246 ||| Stepping ~*~*~tactically~*~*~ (stealth).
   247 | D:1      | 247 ||| Stepping ~*~*~tactically~*~*~ (stealth).
   249 | D:1      | 249 ||| Stepping ~*~*~tactically~*~*~ (stealth).
   251 | D:1      | 251 ||| Stepping ~*~*~tactically~*~*~ (stealth).
   253 | D:1      | 253 ||| Stepping ~*~*~tactically~*~*~ (stealth).
   262 | D:1      | 262 ||| Stepping ~*~*~tactically~*~*~ (stealth).
   264 | D:1      | 264 ||| Stepping ~*~*~tactically~*~*~ (stealth).
   308 | D:1      | Found a faded altar of an unknown god.
   671 | D:1      | 671 ||| UPGRADING to +0 pair of gloves.
   676 | D:1      | 676 ||| READING scroll labelled DAETOERAHU.
   677 | D:1      | 677 ||| READING scroll labelled VES REMMEUD.
   681 | D:1      | 681 ||| READING scroll labelled BOSESA JEAL.
   682 | D:1      | 682 ||| READING scroll labelled WEXACIDIUL.
   689 | D:2      | 689 ||| Stepping ~*~*~tactically~*~*~ (hiding).
   725 | D:2      | 725 ||| Stepping ~*~*~tactically~*~*~ (stealth).
   740 | D:2      | 740 ||| Stepping ~*~*~tactically~*~*~ (water).
   751 | D:2      | Reached skill level 3 in Axes
   751 | D:2      | Reached XP level 3. HP: 20/23 MP: 3/3
   774 | D:2      | Found a shimmering blue altar of Sif Muna.
  1185 | D:2      | 1185 ||| DROPPING +6 ring of intelligence.
  1186 | D:2      | 1186 ||| READING scroll labelled LIYXTOIRGHU.
  1187 | D:2      | 1187 ||| READING 2 scrolls labelled IVOYRUNLEN.
  1188 | D:2      | 1188 ||| READING scroll labelled ITONEORABB.
  1189 | D:2      | 1189 ||| DROPPING scroll of summoning.
  1389 | D:3      | 1389 ||| Stepping ~*~*~tactically~*~*~ (stealth).
  1390 | D:3      | 1390 ||| Stepping ~*~*~tactically~*~*~ (stealth).
  1391 | D:3      | 1391 ||| Stepping ~*~*~tactically~*~*~ (stealth).
  1395 | D:3      | 1395 ||| Stepping ~*~*~tactically~*~*~ (stealth).
  1401 | D:3      | Reached skill level 4 in Axes
  1401 | D:3      | Reached XP level 4. HP: 27/28 MP: 4/4
  1571 | D:3      | Found Qeoqis's Magic Scroll Boutique.
  1578 | D:3      | 1578 ||| BUYING 2 scrolls of identify (52 gold).
  1578 | D:3      | Bought 2 scrolls of identify for 52 gold pieces
  1578 | D:3      | 1578 ||| BUYING scroll of identify (26 gold).
  1578 | D:3      | Bought a scroll of identify for 26 gold pieces
  1578 | D:3      | 1578 ||| BUYING scroll of identify (26 gold).
  1578 | D:3      | Bought a scroll of identify for 26 gold pieces
  1578 | D:3      | 1578 ||| BUYING scroll of teleportation (39 gold).
  1578 | D:3      | Bought a scroll of teleportation for 39 gold pieces
  1597 | D:3      | Found an ornate altar of the Wu Jian Council.
  1735 | D:3      | 1735 ||| Stepping ~*~*~tactically~*~*~ (stealth).
  1745 | D:3      | Reached XP level 5. HP: 30/32 MP: 5/5
  1779 | D:3      | 1779 ||| FLEEEEING.
  1782 | D:3      | 1782 ||| STAIRDANCE
  1845 | D:2      | 1845 ||| DROPPING amulet of magic regeneration.
  1846 | D:2      | 1846 ||| READING scroll labelled KEMIPOROIJU.
  1847 | D:2      | 1847 ||| READING scroll labelled KIM KONA TEJETS.
  1848 | D:2      | 1848 ||| DRINKING 2 yellow potions.
  1849 | D:2      | 1849 ||| READING 5 scrolls of identify.
  1849 | D:2      | 1849 ||| IDENTIFYING fuming pink potion
  1850 | D:2      | 1850 ||| READING 4 scrolls of identify.
  1850 | D:2      | 1850 ||| IDENTIFYING white potion
  1851 | D:2      | 1851 ||| DROPPING potion of invisibility.
  1852 | D:2      | 1852 ||| DROPPING potion of flight.
  1897 | D:3      | 1897 ||| DROPPING +0 whip.
  1947 | D:3      | 1947 ||| DROPPING +3 whip of freezing.
  2042 | D:3      | Reached skill level 5 in Axes
  2363 | D:3      | Found a burning altar of Makhleb.
  2363 | D:3      | Noticed a balrug
  2453 | D:3      | 2453 ||| DRINKING 2 glowing green potions.
  2454 | D:3      | 2454 ||| READING 3 scrolls of identify.
  2454 | D:3      | 2454 ||| IDENTIFYING fizzy yellow potion
  2455 | D:3      | 2455 ||| DROPPING potion of degeneration.
  2456 | D:3      | 2456 ||| DROPPING potion of ambrosia.
  2499 | D:4      | Noticed a phantom
  2507 | D:4      | Killed a phantom
  2508 | D:4      | Reached XP level 6. HP: 40/40 MP: 6/6
  2511 | D:4      | 2511 ||| Stepping ~*~*~tactically~*~*~ (hiding).
  2932 | D:4      | Found a runed translucent gate.
  2932 | D:4      | Found a runed translucent gate.
  2932 | D:4      | Found a runed translucent gate.
  2932 | D:4      | Noticed qw's ghost (novice GrFi)
  2933 | D:4      | Noticed qw's ghost (amateur GrFi)
  3060 | D:4      | Found Juyreil's Weapon Boutique.
  3502 | D:4      | 3502 ||| DROPPING ring of wizardry.
  3503 | D:4      | 3503 ||| UPGRADING to +6 ring of strength.
  3504 | D:4      | 3504 ||| READING scroll labelled NIMIATEOXT.
  3505 | D:4      | 3505 ||| READING 2 scrolls of identify.
  3505 | D:4      | 3505 ||| IDENTIFYING golden potion
  3560 | D:5      | Entered Level 5 of the Dungeon
  3561 | D:5      | 3561 ||| PLANNING SEWER
  3781 | D:5      | Found a glowing drain.
  3783 | D:5      | 3783 ||| Stepping ~*~*~tactically~*~*~ (water).
  3796 | D:5      | 3796 ||| READING scroll labelled PEXERU IDENEMA.
  3802 | Sewer    | Entered a sewer
  3860 | Sewer    | 3860 ||| Stepping ~*~*~tactically~*~*~ (water).
  3940 | Sewer    | 3940 ||| Stepping ~*~*~tactically~*~*~ (water).
  3945 | Sewer    | 3945 ||| Stepping ~*~*~tactically~*~*~ (water).
  4082 | Sewer    | 4082 ||| Stepping ~*~*~tactically~*~*~ (water).
  4087 | Sewer    | 4087 ||| Stepping ~*~*~tactically~*~*~ (water).
  4102 | Sewer    | 4102 ||| Stepping ~*~*~tactically~*~*~ (water).
  4123 | Sewer    | 4123 ||| Stepping ~*~*~tactically~*~*~ (water).
  4167 | Sewer    | 4167 ||| Stepping ~*~*~tactically~*~*~ (water).
  4172 | Sewer    | Reached XP level 7. HP: 24/44 MP: 7/7
  4178 | Sewer    | Reached skill level 6 in Axes
  4272 | D:5      | 4272 ||| PLANNING D:1-11
  4414 | D:5      | Reached skill level 1 in Dodging
  4679 | D:5      | Found Nouwar's Fire Supplies.
  4693 | D:5      | 4693 ||| BUYING +0 leather armour of fire resistance (99
                  | gold).
  4693 | D:5      | Bought a +0 leather armour of fire resistance for 99 gold
                  | pieces
  4693 | D:5      | 4693 ||| SHOPLISTING +0 ring mail of fire resistance (121
                  | gold, have 82).
  4693 | D:5      | 4693 ||| SHOPLISTING +2 hand axe of flaming (191 gold, have
                  | 82).
  4693 | D:5      | 4693 ||| SHOPLISTING ring of protection from fire (275
                  | gold, have 82).
  5019 | D:5      | 5019 ||| UPGRADING to +0 helmet.
  5024 | D:5      | 5024 ||| UPGRADING to ring of protection from cold.
  5135 | D:6      | Reached skill level 7 in Axes
  5176 | D:6      | 5176 ||| Stepping ~*~*~tactically~*~*~ (stealth).
  5178 | D:6      | 5178 ||| Stepping ~*~*~tactically~*~*~ (stealth).
  5187 | D:6      | Reached XP level 8. HP: 37/49 MP: 8/8
  5189 | D:6      | 5189 ||| FLEEEEING.
  5190 | D:6      | 5190 ||| FLEEEEING.
  5191 | D:6      | 5191 ||| FLEEEEING.
  5192 | D:6      | 5192 ||| FLEEEEING.
  5195 | D:6      | 5195 ||| FLEEEEING.
  5196 | D:6      | 5196 ||| FLEEEEING.
  5197 | D:6      | 5197 ||| FLEEEEING.
  5198 | D:6      | 5198 ||| FLEEEEING.
  5199 | D:6      | 5199 ||| FLEEEEING.
  5202 | D:6      | 5202 ||| STAIRDANCE
  5240 | D:6      | 5240 ||| STAIRDANCE
  5608 | D:6      | You fall into a shaft and drop 2 floors!
  5635 | D:8      | Noticed a yak
  5635 | D:8      | Noticed a yak
  5635 | D:8      | Noticed a yak
  5635 | D:8      | Noticed a yak
  5636 | D:8      | 5636 ||| Stepping ~*~*~tactically~*~*~ (stealth).
  5646 | D:8      | Killed a yak
  5647 | D:8      | Reached skill level 8 in Axes
  5650 | D:8      | HP: 11/49 [yak (4)]
  5651 | D:8      | 5651 ||| READING 7 scrolls of teleportation.
  5652 | D:8      | 5652 ||| DRINKING potion of heal wounds.
  5655 | D:8      | Found a blossoming altar of Fedhas.
  5795 | D:8      | Reached skill level 6 in Fighting
  5814 | D:8      | 5814 ||| DROPPING +0 flail.
  5859 | D:8      | Found a transporter.
  5907 | D:8      | 5907 ||| UPGRADING to +0 pair of boots.
  5912 | D:8      | 5912 ||| UPGRADING to amulet of the acrobat.
  5917 | D:8      | 5917 ||| READING 4 scrolls of identify.
  5917 | D:8      | 5917 ||| IDENTIFYING emerald potion
  5918 | D:8      | 5918 ||| READING 3 scrolls of identify.
  5918 | D:8      | 5918 ||| IDENTIFYING fuming red potion
  5920 | D:8      | Found a staircase to the Lair.
  5929 | D:7      | 5929 ||| FLEEEEING.
  5930 | D:7      | 5930 ||| FLEEEEING.
  5931 | D:7      | 5931 ||| FLEEEEING.
  5932 | D:7      | 5932 ||| STAIRDANCE
  5965 | D:6      | 5965 ||| Stepping ~*~*~tactically~*~*~ (hiding).
  5974 | D:6      | 5974 ||| Stepping ~*~*~tactically~*~*~ (hiding).
  5976 | D:6      | 5976 ||| FLEEEEING.
  5977 | D:6      | 5977 ||| FLEEEEING.
  5978 | D:6      | 5978 ||| FLEEEEING.
  5979 | D:6      | 5979 ||| FLEEEEING.
  5980 | D:6      | 5980 ||| FLEEEEING.
  5981 | D:6      | 5981 ||| FLEEEEING.
  5982 | D:6      | 5982 ||| FLEEEEING.
  5983 | D:6      | 5983 ||| FLEEEEING.
  5984 | D:6      | 5984 ||| FLEEEEING.
  5985 | D:6      | 5985 ||| FLEEEEING.
  5986 | D:6      | 5986 ||| FLEEEEING.
  5987 | D:6      | 5987 ||| FLEEEEING.
  5988 | D:6      | 5988 ||| FLEEEEING.
  5989 | D:6      | 5989 ||| FLEEEEING.
  5990 | D:6      | 5990 ||| FLEEEEING.
  5991 | D:6      | 5991 ||| FLEEEEING.
  5992 | D:6      | 5992 ||| FLEEEEING.
  5993 | D:6      | 5993 ||| STAIRDANCE
  6021 | D:6      | 6021 ||| STAIRDANCE
  6425 | D:6      | Found a basalt altar of Yredelemnul.
  6502 | D:7      | Reached skill level 9 in Axes
  6502 | D:7      | Reached XP level 9. HP: 38/55 MP: 9/9
  6503 | D:7      | HP: 11/55 [orc priest/+0 flail of distortion (15)]
  6504 | D:7      | 6504 ||| READING 6 scrolls of teleportation.
  6504 | D:7      | Mangled by an orc priest

Levels and vault maps discovered:
D:1:      dpeg_arrival_pond, layout_loops_ring, basic_ecumenical_altar
D:2:      layout_basic, basic_altar, serial_bayou_crossing
D:3:      layout_loops_ring, mainiacjoe_overflow_brackets,
          makhleb_altar_promises_db, serial_shops, nicolae_shop_crystal,
          minmay_snake_closets
D:4:      layout_loops_corners, gammafunk_ghost_cemetery, serial_shops, shop
D:5:      layout_layer_cave, portal_sewer_entry_e, nicolae_shop_fire_sale
          [nicolae_sub_dead_trees]
D:6:      layout_loops_ring, lemuel_zombie_altar_yredelemnul
D:7:      layout_rooms, gammafunk_temple_overflow_pools,
          minmay_temple_entry_antechambers, enter_bailey_6, uniq_duvessa,
          uniq_joseph
D:8:      layout_loops_ring, fedhas_altar_fruit_tree, lair_entry_dummy,
          nicolae_specific_store, minivault_27, nicolae_diode_intersection,
          uniq_prince_ribbit1

Skill      XL: |  1  2  3  4  5  6  7  8 |
---------------+-------------------------+-----
Axes           | 2 3 4 5 7 9 |  9.3
Fighting       | 4 5 6 |  6.2
Dodging        | 1 |  1.5
Armour         | |  3.2
Shields        | |  3.2

Action                   |  1- 3 |  4- 6 |  7- 9 || total
-------------------------+-------+-------+-------++-------
Melee: War axe           |   111 |   212 |   168 ||   491
  Use: Scroll            |     7 |     8 |     4 ||    19
       Potion            |       |     2 |     1 ||     3
 Stab: Invisible         |       |     2 |       ||     2
Armor: Scale mail        |    61 |   111 |    63 ||   235
Dodge: Dodged            |    47 |   104 |    73 ||   224
Block: Buckler           |    13 |    36 |    23 ||    72

Table legend:
 A = Non-vault XP
 B = Vault XP
 C = Vault XP percentage of total XP
 D = Non-vault monster count
 E = Vault monster count
 F = Vault count percentage of total count
                 A         B        C        D         E       F
            +---------+---------+-------+---------+---------+-------
      Total |    2036 |     455 |  18.3 |      86 |      62 |  41.9
            +---------+---------+-------+---------+---------+-------
        D:1 |      22 |       0 |   0.0 |      14 |       0 |   0.0
        D:2 |      50 |       0 |   0.0 |      13 |       0 |   0.0
        D:3 |     163 |      57 |  25.9 |      19 |       8 |  29.6
        D:4 |     115 |       0 |   0.0 |       6 |       0 |   0.0
        D:5 |     294 |      36 |  10.9 |      10 |       8 |  44.4
        D:6 |     570 |      88 |  13.4 |      12 |       2 |  14.3
        D:7 |     222 |       0 |   0.0 |       2 |       0 |   0.0
        D:8 |     600 |       0 |   0.0 |      10 |       0 |   0.0
      Sewer |       0 |     274 | 100.0 |       0 |      44 | 100.0
            +---------+---------+-------+---------+---------+-------
